 Dungeon Crawl Stone Soup version 0.32-a0-41-gec2d92a32c (webtiles) character file.

Game seed: 12671165634600822066

29 grandjackal the Changeling (level 3, -4/27 HPs)
             Began as a Merfolk Shapeshifter on Jan 25, 2024.
             Slain by Terence
             ... wielding a +0 trident
              (5 damage)
             ... on level 2 of the Dungeon.
             The game lasted 00:00:47 (1120 turns).

grandjackal the Changeling (Merfolk Shapeshifter)   Turns: 1120, Time: 00:00:48

Health: -4/27      AC:  2    Str: 16    XL:     3   Next: 16%
Magic:  3/3        EV: 13    Int:  9    God:
Gold:   102        SH:  0    Dex: 13    Spells: 2/2 levels left

rFire   . .          .
                       - Unarmed
rCold   . . .        (no shield)
rNeg    . . .        a - +0 animal skin
rPois   .            (helmet currently unavailable)
rElec   .            (cloak currently unavailable)
rCorr   .            (gloves currently unavailable)
SInv    .            (boots currently unavailable)
Will    .....        (no amulet)
Stlth   +            (no ring)
HPRegen 0.24/turn    (no ring)
MPRegen 0.08/turn

%: no passive effects
@: beast-form
A: beast (slay +2), (nimble swimmer 2), mertail
a: Begin Untransformation


You were on level 2 of the Dungeon.
You were a hulking beast.
You visited 1 branch of the dungeon, and saw 2 of its levels.

You collected 102 gold pieces.

Inventory:

Armour
 a - a +0 animal skin (worn)
Talismans
 c - a beast talisman
 d - a flux talisman
Scrolls
 f - 3 scrolls of identify {unknown}
 g - a scroll of enchant armour {unknown}
Potions
 b - 2 potions of lignification
 e - a potion of heal wounds {unknown}


   Skills:
 + Level 1.8 Fighting
 + Level 3.2 Dodging
 + Level 3.7 Unarmed Combat
 + Level 4.4 Shapeshifting


You had 2 spell levels left.
You didn't know any spells.
Your spell library was empty.

Dungeon Overview and Level Annotations

Branches:
Dungeon (2/15)

Altars:

Annotations:
D:2 Terence


Innate Abilities, Weirdness & Mutations

You are a hulking beast.
Your limbs bulge with bestial killing power. (Slay +2)
((You are very nimble when in or above water. (Stealth+, EV+, Speed+++)))
Your lower body shifts to a powerful aquatic tail in water.


Message History

The rat closely misses you.
You punch the rat!
You kill the rat!
No target in view!
No target in view!
You start resting.
Terence the Incautious comes into view.
He is wielding a +0 trident.
Terence is nearby!
You see here a rat corpse.
Terence hits you with a +0 trident!
You closely miss Terence. Terence misses you.
You barely miss Terence. Terence barely misses you.
You hit Terence but do no damage. Terence barely misses you.
You hit Terence.
Terence is moderately wounded.
Terence misses you.
You closely miss Terence.
Terence is moderately wounded.
Terence hits you with a +0 trident.
You hit Terence.
Terence is heavily wounded.
Terence barely misses you.
You hit Terence.
Terence is severely wounded.
Terence misses you.
You barely miss Terence.
Terence is severely wounded.
You hit Terence but do no damage.
Terence is severely wounded.
Terence hits you with a +0 trident!
* * * LOW HITPOINT WARNING * * *
You hit Terence.
Terence is severely wounded.
Terence hits you with a +0 trident.
* * * LOW HITPOINT WARNING * * *
You hit Terence but do no damage.
Terence is severely wounded.
Terence hits you with a +0 trident.
You die...
Terence says, "Time to find some more victims."

### .# ..# .# #
#.# .# #.###.###.#
#.........#
!.......!.######
#..####.†$........
........†#.######
#### ..####h##.#
#..# #@##.# #...
..##.#### #...
#####....# #...
#....# ##...
##...######....
##...........#
#########...#
##.##


You could see Terence.

Vanquished Creatures
  A ribbon worm (D:2)
  5 bats (D:1)
  4 endoplasms (D:1)
  A giant cockroach (D:1)
  2 goblins (D:1)
  A hobgoblin (D:1)
  A kobold (D:1)
  A quokka (D:1)
  2 ball pythons (D:1)
  A frilled lizard (D:1)
  5 rats
24 creatures vanquished.

Notes
Turn   | Place    | Note
-------+----------+-------------------------------------------
     0 | D:1      | grandjackal the Merfolk Shapeshifter began the quest for
                  | the Orb.
     0 | D:1      | Reached XP level 1. HP: 15/15 MP: 1/1
   109 | D:1      | Reached XP level 2. HP: 21/21 MP: 2/2
   889 | D:1      | Reached XP level 3. HP: 27/27 MP: 3/3
  1107 | D:2      | Noticed Terence
  1119 | D:2      | HP: 1/27 [Terence/+0 trident (4)]
  1120 | D:2      | Slain by Terence

Illustrated notes

Levels and vault maps discovered:
D:1:      amcnicky_arrival_feature_with_door, layout_basic
D:2:      cheibrodos_helix_gallery, layout_loops_ring,
          ebering_ecumenical_altar_mist, uniq_terence

Skill      XL: |  1  2 |
---------------+-------+-----
Dodging        | 3 |  3.2
Fighting       | |  1.8
Unarmed Combat | |  3.7
Shapeshifting  | |  4.4

Action                     || total
---------------------------++-------
  Melee: Unarmed           ||    76
         Punch             ||     4
 Armour: Animal skin       ||    38
  Dodge: Dodged            ||    44

Table legend: (Time is in decaauts)
 A = Elapsed time spent in this place.
 B = Non-inter-level travel time spent in this place.
 C = Inter-level travel time spent in this place.
 D = Time resting spent in this place.
 E = Time spent auto-exploring this place.
 F = Levels seen in this place.
 G = Mean time per level.
                   A        B        C        D        E       F      G
               +--------+--------+--------+--------+--------+-----+--------+
         Total |   1114 |   1084 |     30 |     21 |    907 |   2 |  557.0 |
       Dungeon |   1114 |   1084 |     30 |     21 |    907 |   2 |  557.0 |
               +--------+--------+--------+--------+--------+-----+--------+

Top non-repeatable levels by time:
     D:1: 1033 daAuts
     D:2: 81 daAuts
